cohdb
Replays
Latest Replays
All Replays
Popular Replays
Top Player Replays
Match Explorer
How It Works
Community
CoH3 Stats
Reddit
Sign in to upload your games and track your stats! →
Sign in with Steam
Match 46643360
Unlisted
Match 46643360
Overview
Messages
Build Orders
End
Construct Weapon Support Center
Scout Squad
Selects Advanced Infantry Battlegroup
Bazooka Squad
Scout Squad
M1919 Machine Gun Team
Engineer Squad
M1919 Machine Gun Team
Selects Artillery Observers
Mechanized Support Center
Construct Medical Station
M3 Armored Personnel Carrier
Selects Convert to Ranger Squad
Selects Frontline Medical Station
Artillery Observer Squad
Bazooka Squad
Designate Forward Repair Station
M3 Armored Personnel Carrier
Improvised Armor
Designate Forward Repair Station
Artillery Observer Squad
Construct Tank Depot
M4A1 Sherman Medium Tank
Bazooka Squad
Selects Infantry Assault
Infantry Assault
M4A1 Sherman Medium Tank
-AL- Nimahfrosch
aSIIDemolitionHammer
Templariusz
BlueSkidrow ™ Legion
0
0
Comments
sign in to comment!
No comments posted yet!